Unix NetHack Version 3.7.0-88 Work-in-progress - last build Aug 21 2023 04:08:40 (b68ccb3e4f8f5dcb83e1e40b1ff56e7dffd4cd28,branch:master). Game began 2023-08-25 14:06:37, ended 2023-08-25 21:05:45. Arasaka, neutral male human Monk ------- |.@E..| |D.@p..2 |$.Dc@|22 1c%.@ 12 2-@----2 2 |*)[.|1 2 2|..^.|3 ---- Arasaka the Student of Waters St:18/06 Dx:16 Co:16 In:9 Wi:16 Ch:11 Neutral Fort Ludios $:0 HP:0(79) Pw:77(77) AC:-4 Xp:14/82365 T:13640 Latest messages: The black dragon misses the air elemental. The lieutenant picks up 2 spears. The soldier hits the cockatrice. The soldier wields a knife! The air elemental engulfs it. The air elemental engulfs it. The lieutenant swings his long sword at the cockatrice. The lieutenant hits the cockatrice. The lieutenant swings his long sword at the cockatrice. The lieutenant misses the cockatrice. The air elemental misses the black dragon. The air elemental misses it. The cockatrice bites the black unicorn. The cockatrice touches the black unicorn. The black unicorn turns to stone! The black dragon misses it. The black dragon hits it. The black dragon misses it. The lieutenant swings his long sword at it. The lieutenant hits it. The lieutenant swings his long sword at it. The lieutenant hits it. The soldier misses the black dragon. The lieutenant swings his long sword at the cockatrice. The lieutenant hits the cockatrice. The lieutenant swings his long sword at the cockatrice. The lieutenant hits the cockatrice. The soldier thrusts her short sword at the cockatrice. The soldier misses the cockatrice. The massive hammer hits! Lightning strikes the lieutenant! The massive hammer hits! Lightning strikes the lieutenant! You kill the lieutenant! The black dragon picks up a scroll. The soldier thrusts his knife at it. The soldier misses it. You see here a rock. The air elemental engulfs the iron piercer. The iron piercer is expelled! The air elemental misses the iron piercer. Welcome to David's treasure zoo! I - a C-ration. J - a bugle. There is an open door here. There are many more objects here. The air elemental misses the iron piercer. The cockatrice misses it. The cockatrice misses it. The black dragon breathes a disintegration blast! The blast of disintegration hits you! Your robe crumbles and turns to dust! Inventory: Amulets ('"') U - an uncursed amulet of guarding (being worn) j - an uncursed amulet of reflection Weapons (')') a - the uncursed rustproof +5 Mjollnir (weapon in hand) Armor ('[') L - an uncursed +0 dwarvish iron helm (being worn) h - an uncursed +2 pair of leather gloves (being worn) M - an uncursed +0 pair of iron shoes (being worn) Comestibles ('%') I - an uncursed C-ration g - an uncursed lizard corpse named tricebane Rings ('=') P - an uncursed ring of conflict (on right hand) H - an uncursed ring of polymorph control (on left hand) Wands ('/') v - an uncursed wand of digging (0:8) N - an uncursed wand of digging (0:6) G - an uncursed wand of magic missile (0:4) t - an uncursed wand of make invisible (0:1) C - an uncursed wand of slow monster (0:3) f - an uncursed wand of undead turning (0:6) Tools ('(') z - a blessed bag of holding containing 64 items J - an uncursed bugle X - a cursed brass lantern E - an uncursed expensive camera (0:31) n - a cursed lock pick l - an uncursed oil lamp o - an uncursed moist towel s - an uncursed +0 unicorn horn Gems/Stones ('*') k - an uncursed worthless piece of red glass D - an uncursed worthless piece of yellow glass c - a blessed luckstone i - a blessed touchstone Contents of the bag of holding: 12648 gold pieces an uncursed amulet of reflection 2 uncursed tacos an uncursed cram ration 10 uncursed food rations 6 uncursed food rations 4 uncursed tripe rations an uncursed lizard corpse 4 blessed scrolls of blank paper 9 uncursed scrolls of blank paper a cursed scroll of blank paper 2 uncursed scrolls of confuse monster 2 uncursed scrolls of create monster a cursed scroll of enchant armor an uncursed scroll of enchant weapon an uncursed scroll of gold detection a blessed scroll of identify 2 blessed scrolls of magic mapping an uncursed scroll of remove curse 2 uncursed scrolls of remove curse an uncursed scroll of scare monster an uncursed scroll of stinking cloud a cursed scroll of stinking cloud a blessed scroll of teleportation 4 uncursed scrolls of teleportation 2 cursed scrolls of teleportation an uncursed spellbook of detect monsters a blessed spellbook of wizard lock an uncursed potion of booze an uncursed potion of enlightenment a cursed potion of hallucination an uncursed potion of healing a cursed potion of object detection an uncursed potion of restore ability a cursed potion of restore ability a potion of holy water a cursed -1 ring of gain constitution an uncursed -1 ring of increase accuracy a cursed -1 ring of protection a cursed -2 ring of protection an uncursed ring of slow digestion an uncursed wand of cold (0:1) an uncursed wand of digging (0:4) an uncursed wand of fire (0:5) an uncursed wand of light (0:10) an uncursed wand of magic missile (0:2) a blessed wand of secret door detection (0:10) an uncursed wand of secret door detection (0:14) a cursed wand of secret door detection (0:9) an uncursed wand of speed monster (0:1) an uncursed wand of striking (0:5) an uncursed wand of striking (0:0) an uncursed wand of teleportation (0:1) an uncursed drum of earthquake (0:6) an uncursed magic marker (0:73) an uncursed oil lamp an uncursed +0 pick-axe 3 uncursed diamonds an uncursed dilithium crystal 2 uncursed emeralds an uncursed ruby an uncursed worthless piece of green glass 2 uncursed worthless pieces of white glass an uncursed touchstone Arasaka the Monk's attributes: Background: You were a Student of Waters, a level 14 male human Monk. You were neutral, on a mission for Chih Sung-tzu who was opposed by Shan Lai Ching (lawful) and Huan Ti (chaotic). You were on the Fort Ludios level. You entered the dungeon 13640 turns ago. You had 82365 experience points, 77635 more were needed to attain level 15. Basics: You had 0 out of 79 hit points. You had all 77 energy points (spell power). Your armor class was -4. Your wallet was empty, but you had 12648 zorkmids stashed away in your pack. Autopickup was on for '$"?' plus thrown, with exceptions. Final Characteristics: Your strength was 18/06 (limit:18/100). Your dexterity was 16 (limit:18). Your constitution was 16 (limit:18). Your intelligence was 9 (limit:18). Your wisdom was 16 (peak:18, limit:18). Your charisma was 11 (limit:18). Final Status: You were not hungry. You were unencumbered. You were wielding a hammer. You had basic skill with hammer. Final Attributes: You were piously aligned. You were fire resistant. You were cold resistant. You were sleep resistant. You were poison resistant. You saw invisible. You were telepathic. You were warned. You had automatic searching. You were stealthy. You caused conflict. You had a moderate defense bonus (+7). You were guarded. You had polymorph control. You were fast. You were very lucky. You had extra luck. Good luck did not time out for you. You are dead. Miscellaneous: You disabled loading of bones levels. Total elapsed playing time was 2 hours, 30 minutes and 26 seconds. Major events: Turn 1: Arasaka the neutral male human Monk entered the dungeon 928: attained the rank of Novice (level 3) 1349: entered the Gnomish Mines 1962: attained the rank of Initiate (level 6) 2179: reached Mine Town 3456: was bestowed with Mjollnir by Chih Sung-tzu 3943: entered Sokoban 4538: completed 1st Sokoban level 5094: completed 2nd Sokoban level 5805: completed 3rd Sokoban level 6681: completed 4th Sokoban level 6772: acquired the Sokoban bag of holding 7879: attained the rank of Student of Stones (level 10) 10299: acquired the Mines' End luckstone 13375: attained the rank of Student of Waters (level 14) 13640: killed by a blast of disintegration Vanquished creatures: a nurse 6 vampires a lieutenant 10 ghosts 3 queen bees 2 giant mimics a stalker 5 giant zombies 2 wargs a winter wolf 2 small mimics 2 xans 3 ettin mummies 2 ogre leaders a sasquatch a wood golem a gelatinous cube a large dog 3 flaming spheres 3 tigers a gargoyle 3 tengu a leocrotta an elf mummy 3 pythons 9 wraiths a carnivorous ape 7 ettin zombies a Grey-elf 2 soldiers 3 amorous demons 5 giant beetles 4 cockatrices 3 wolves 7 winter wolf cubs 3 lynxes a panther 2 gremlins 30 leprechauns 3 orc-captains 3 giant spiders 2 scorpions a horse 2 black lights 7 gnome rulers 3 orc mummies 2 brown puddings 2 owlbears a yeti a werewolf 3 lizards 2 housecats a jaguar 4 dwarf leaders a white unicorn a black unicorn a dust vortex 2 ravens a plains centaur 2 gnome mummies 3 snakes 2 apes 4 human zombies 8 soldier ants 16 bugbears 2 imps a quasit a wood nymph 2 water nymphs a mountain nymph 12 Mordor orcs 2 Uruk-hai an orc shaman 3 rock moles a pony a fog cloud 3 yellow lights 2 shriekers 3 violet fungi 16 gnome leaders 3 gnomish wizards a kobold mummy 2 barrow wights 3 elf zombies 6 ghouls 4 paper golems 11 giant ants 2 little dogs 2 floating eyes 2 kittens 13 dwarves 18 hill orcs 3 rothes 2 rabid rats 2 centipedes 3 giant bats 2 monkeys 8 orc zombies 12 dwarf zombies a wererat 2 werejackals 6 iguanas 31 killer bees 2 acid blobs 2 coyotes a gas spore 4 hobbits 10 manes 9 hobgoblins 3 giant rats a cave spider 2 yellow molds a green mold 56 gnomes a garter snake 4 gnome zombies 5 geckos 6 jackals 3 foxes a kobold 5 goblins 3 sewer rats 9 grid bugs 6 lichens 3 kobold zombies 7 newts 550 creatures vanquished. No species were genocided or became extinct. Voluntary challenges: You read items or engraved 41 times. You engraved Elbereth 2 times. You never genocided any monsters. You never polymorphed an object. You never changed form. You used no wishes. You violated the special Sokoban rules twice. Achievements: You entered a shop. You attained the rank of Novice. You entered the Gnomish Mines. You attained the rank of Initiate. You entered Minetown. You entered a temple. You entered Sokoban. You completed Sokoban. You attained the rank of Student of Stones. You completed the Gnomish Mines. You attained the rank of Student of Waters. The Dungeons of Doom: levels 1 to 14 Level 1: A fountain. Level 2: "s book" A general store. Level 3: A general store. Level 4: "book" Some fountains, a grave. Stairs down to The Gnomish Mines. Level 5: An altar to Chih Sung-tzu, a fountain. Level 6: Level 7: A general store, a fountain. Stairs up to Sokoban, level 6. Level 8: Level 9: Level 10: Level 11: A fountain. Level 12: A fountain. Summoned by the Grand Master. Level 13: A grave. Level 14: Some fountains, many graves. Portal to Fort Ludios. The Gnomish Mines: levels 5 to 13 Level 5: Level 6: Level 7: Level 8: Many shops, a temple, some fountains, a sink. Level 9: Level 10: Level 11: Level 12: Level 13: A fountain. Sokoban: levels 6 up to 3 Level 3: Solved. Level 4: Solved. Level 5: Solved. Level 6: Solved. Fort Ludios: Level 1: <- You were here. Final resting place for you, killed by a blast of disintegration. Game over: ---------- / \ / REST \ / IN \ / PEACE \ / \ | Arasaka | | 12648 Au | | killed by a | | blast of | | disintegration | | | | 2023 | *| * * * | * _________)/\\_//(\/(/\)/\//\/|_)_______ Goodbye Arasaka the Monk... You died in Fort Ludios with 85918 points, and 12648 pieces of gold, after 13640 moves. You were level 14 with a maximum of 79 hit points when you died.